 Dungeon Crawl Stone Soup version 0.31.0-11-ge490571c62 (webtiles) character file.

Game seed: 17728109107618252475

151 qw the Ducker (level 5, -2/26 HPs)
             Began as a Spriggan Hunter on Feb 4, 2024.
             Slain by a ball python (3 damage)
             ... on level 4 of the Dungeon.
             The game lasted 00:00:07 (2154 turns).

qw the Ducker (Spriggan Hunter)                     Turns: 2154, Time: 00:00:08

Health: -2/26      AC:  2    Str:  7    XL:     5   Next: 11%
Magic:  0/6        EV: 19    Int: 11    God:
Gold:   240        SH:  0    Dex: 26    Spells: 4/4 levels left

rFire   . . .        a - +0 shortbow
rCold   . . .        (shield currently unavailable)
rNeg    . . .        c - +0 robe
rPois   +            (helmet restricted)
rElec   .            (no cloak)
rCorr   .            (gloves unavailable)
SInv    +            (boots unavailable)
Will    .....        (no amulet)
Stlth   ++           f - ring of poison resistance
HPRegen 0.24/turn    i - +6 ring of dexterity
MPRegen 0.10/turn

%: no passive effects
@: constricted, very quick
A: very small, no large weapons, unfitting armour, see invisible, speed 3
a: no special abilities


You were on level 4 of the Dungeon.
You visited 1 branch of the dungeon, and saw 4 of its levels.

You collected 240 gold pieces.


Innate Abilities, Weirdness & Mutations

You are very small and have problems with some larger weapons.
You are too small for most types of armour.
You have supernaturally acute eyesight. (SInv)
You cover ground extremely quickly. (Speed+++)


   Skills:
 - Level 1.6 Fighting
 - Level 5.1 Ranged Weapons
 + Level 5.6 Dodging
 - Level 1.5 Stealth


You had 4 spell levels left.
You didn't know any spells.
Your spell library was empty.

Inventory:

Hand Weapons
 a - a +0 shortbow (weapon)
Armour
 c - a +0 robe (worn)
Jewellery
 d - a ring of ice
 f - a ring of poison resistance (left hand)
 i - a +6 ring of dexterity (right hand)
 j - a +6 ring of strength
Potions
 b - a potion of resistance
 e - a potion of berserk rage {unknown}
 h - a potion of heal wounds {unknown}
 k - a potion of curing {unknown}
 l - a potion of might {unknown}

Dungeon Overview and Level Annotations

Branches:
Dungeon (4/15)
 Temple: D:4-7

Altars:

Shops:
D:1 [


Message History

2146 ||| RETREEEEATING.
The gnoll attacks as it pursues you! The gnoll closely misses you.
You shoot an arrow. The arrow barely misses the gnoll.
The gnoll barely misses you.
You shoot an arrow. The arrow closely misses the gnoll.
The gnoll misses you.
You shoot an arrow. The arrow hits the gnoll!
You kill the gnoll!
The gnoll hits you from afar with a +0 spear.
The gnoll sergeant closely misses you.
A ball python comes into view.
You have reached level 5!
You feel clever.
You shoot an arrow. The arrow completely misses the gnoll.
You hear a shout!
The gnoll misses you.
The gnoll sergeant hits you from afar with a +3 antimagic trident!
You feel your power leaking away. The gnoll closely misses you.
You hear a shout!
You shoot an arrow. The arrow hits the gnoll.
The gnoll is almost dead.
The gnoll sergeant completely misses you.
The gnoll hits you from afar with a +0 spear.
The gnoll sergeant hits you from afar with a +3 antimagic trident.
You shoot an arrow. The arrow hits the gnoll!
You kill the gnoll!
The ball python closely misses you. The ball python completely misses you.
The gnoll sergeant closely misses you.
You shoot an arrow.
The arrow closely misses the ball python.
The ball python bites you. The ball python grabs you.
The ball python constricts you.
The gnoll sergeant completely misses you.
You shoot an arrow.
The arrow closely misses the ball python.
You hear a shout!
The ball python misses you. The ball python constricts you.
The gnoll sergeant completely misses you.
The ball python bites you.
You die...

#.............#
##.####.######.###
...# #.# #[#.##
#### #.######....##
# #............# .
~~~~
#..........g###....
~~~#
#########.)g.gg....
~### ##S###..... ##
#@# ..g. . #+# g ..


You could see a gnoll sergeant, a gnoll and a ball python.

Vanquished Creatures
  2 orc wizards (D:3)
  2 gnolls (D:4)
  2 adders
  2 dart slugs
  2 ribbon worms (D:2)
  4 orcs (D:3)
  9 ball pythons
  3 bats
  4 endoplasms
  5 giant cockroaches
  2 goblins (D:1)
  3 hobgoblins
  6 kobolds
  3 frilled lizards
  A rat (D:2)
50 creatures vanquished.

Notes
Turn   | Place    | Note
-------+----------+-------------------------------------------
     0 | D:1      | qw the Spriggan Hunter began the quest for the Orb.
     0 | D:1      | Reached XP level 1. HP: 10/10 MP: 2/2
     0 | D:1      | 0 ||| qw: Version: 0.3-a-160-g6735b56
     0 | D:1      | 0 ||| qw: Game counter: 4614
     0 | D:1      | 0 ||| qw: Melee chars always use a shield: true
     0 | D:1      | 0 ||| qw: God list: Okawaru
     0 | D:1      | 0 ||| qw: Allow faded altars: false
     0 | D:1      | 0 ||| qw: Do Orc after clearing Dungeon:15 true
     0 | D:1      | 0 ||| qw: Do second Lair branch before Depths: true
     0 | D:1      | 0 ||| qw: Lair rune preference: random
     0 | D:1      | 0 ||| qw: Goals: Normal
     0 | D:1      | 0 ||| PLANNING D:1-11
    12 | D:1      | Found Ybillid's Armour Shop.
    18 | D:1      | 18 ||| SHOPLISTING +1 troll leather armour (220 gold, have
                  | 0).
    48 | D:1      | Reached skill level 3 in Dodging
   122 | D:1      | Reached XP level 2. HP: 14/14 MP: 3/3
   554 | D:1      | 554 ||| READING scroll labelled VITSAS TINY.
   655 | D:1      | 655 ||| DROPPING scroll of butterflies.
   763 | D:2      | Reached XP level 3. HP: 18/18 MP: 4/4
   886 | D:2      | 886 ||| DRINKING 2 fizzy dark potions.
  1268 | D:2      | 1268 ||| UPGRADING to ring of poison resistance.
  1269 | D:2      | 1269 ||| READING scroll labelled VIMPOI GEGAER.
  1269 | D:2      | 1269 ||| ENCHANTING +0 shortbow.
  1312 | D:3      | Reached XP level 4. HP: 22/22 MP: 5/5
  2047 | D:3      | 2047 ||| UPGRADING to +6 ring of dexterity.
  2048 | D:3      | 2048 ||| READING scroll labelled MIZXIE VUMUU.
  2059 | D:4      | 2059 ||| PLANNING SEWER
  2141 | D:4      | Noticed a gnoll sergeant
  2142 | D:4      | 2142 ||| RETREEEEATING.
  2146 | D:4      | 2146 ||| RETREEEEATING.
  2150 | D:4      | Reached XP level 5. HP: 22/26 MP: 6/6
  2151 | D:4      | HP: 3/26 [gnoll sergeant/+3 antimagic trident (4)]
  2153 | D:4      | HP: 1/26 [constriction (1)]
  2154 | D:4      | Slain by a ball python

Levels and vault maps discovered:
D:1:      dpeg_arrival_houses_and_road, layout_basic, serial_shops, shop
D:2:      layout_basic, nicolae_the_louvre
D:3:      layout_basic
D:4:      layout_loops_corners, gammafunk_temple_overflow_wave,
          gup_sewer_entry_bowl, chequers_big_river, hex_large,
          chequers_serial_rivers_small_3, nicolae_custom_books,
          nicolae_grassy_gnolls, uniq_duvessa, uniq_edmund

Skill      XL: |  1  2  3  4 |
---------------+-------------+-----
Dodging        | 3 4 5 |  5.6
Ranged Weapons | 5 |  5.1
Fighting       | |  1.6
Stealth        | |  1.5

Action                     |  1- 3 |  4- 6 || total
---------------------------+-------+-------++-------
   Fire: Shortbow          |    98 |    49 ||   147
    Use: Scroll            |     2 |     1 ||     3
         Potion            |     1 |       ||     1
 Armour: Robe              |     4 |    10 ||    14
  Dodge: Dodged            |    18 |    20 ||    38

Table legend:
 A = Non-vault XP
 B = Vault XP
 C = Vault XP percentage of total XP
 D = Non-vault monster count
 E = Vault monster count
 F = Vault count percentage of total count
                 A         B        C        D         E       F
            +---------+---------+-------+---------+---------+-------
      Total |     189 |      28 |  12.9 |      48 |       2 |   4.0
            +---------+---------+-------+---------+---------+-------
        D:1 |      29 |       0 |   0.0 |      16 |       0 |   0.0
        D:2 |      32 |       0 |   0.0 |      14 |       0 |   0.0
        D:3 |     108 |       0 |   0.0 |      15 |       0 |   0.0
        D:4 |      20 |      28 |  58.3 |       3 |       2 |  40.0
            +---------+---------+-------+---------+---------+-------
